 Dungeon Crawl Stone Soup version 0.29-a0-1027-gcd8c55af63 (webtiles) character file.

Game seed: 17475864444620269506

76 ragingrage the Chopper (level 4, -4/39 HPs)
             Began as a Minotaur Delver on Aug 13, 2022.
             Slain by an iguana (10 damage)
             ... on level 4 of the Dungeon.
             The game lasted 00:00:34 (160 turns).

ragingrage the Chopper (Minotaur Delver)             Turns: 160, Time: 00:00:34

Health: -4/39      AC:  3    Str: 18    XL:     4   Next: 12%
Magic:  3/3        EV: 12    Int:  7    God:
Gold:   0          SH:  0    Dex: 12    Spells: 3/3 levels left

rFire   . . .      SeeInvis .   a - +0 hand axe
rCold   . . .      Faith    .   (no shield)
rNeg    . . .      Spirit   .   b - +0 leather armour
rPois   .          Reflect  .   (helmet restricted)
rElec   .          Harm     .   (no cloak)
rCorr   .          Rampage  .   (no gloves)
Will    .....                   (no boots)
Stlth   ++........              (no amulet)
HPRegen 0.13/turn               (no ring)
MPRegen 0.08/turn               (no ring)

@: no status effects
A: horns 2, retaliatory headbutt
a: no special abilities


You were on level 4 of the Dungeon.
You visited 1 branch of the dungeon, and saw 3 of its levels.

Inventory:

Hand Weapons
 a - a +0 hand axe (weapon)
Armour
 b - a +0 leather armour (worn)
Wands
 g - a wand of digging (3)
 k - a wand of acid (6)
Scrolls
 c - a scroll of fog
 d - a scroll of magic mapping
 e - a scroll of fear
Potions
 f - a potion of haste
 i - a potion of invisibility {unknown}
 j - a potion of degeneration {unknown}


   Skills:
 - Level 3.6 Fighting
 + Level 5.4 Axes
 - Level 2.1 Dodging
 - Level 4.1 Stealth


You had 3 spell levels left.
You didn't know any spells.
Your spell library was empty.

Dungeon Overview and Level Annotations

Branches:
Dungeon (6/15)
 Temple: D:4-7

Altars:


Innate Abilities, Weirdness & Mutations

You have a pair of horns on your head.
You reflexively headbutt those who attack you in melee.


Message History

Something completely misses you.
You hit something. You headbutt something. Something hits you.
You hit something. Your headbutt misses something.
Something hits you but does no damage.
You barely miss something. Something barely misses you.
You hit something but do no damage.
You hear some strange, mumbled words.
You are confused.
You barely miss something.
You hear some strange, mumbled words.
Something tries to affect you, but you resist.
You miss something. Your headbutt misses something.
Something barely misses you.
You bump into the rock wall.
Something hits you.
You bump into the rock wall.
Something hits you.
* * * LOW HITPOINT WARNING * * *
You hit something.
Reactivating autopickup.
You feel a bit more experienced.
Your Axes skill increases to level 5!
You have reached level 4!
You feel agile.
Unknown command.
Unknown command.
Unknown command.
Unknown command.
It was a potion of cancellation.
Your magical effects are unravelling.
You feel magically purged.
You feel less confused. The iguana bites you.
* * * LOW HITPOINT WARNING * * *
Unknown command.
Aiming: Corrosive Bolt
Press: ? - help, Shift-Dir - straight line, f - iguana
Aim: an iguana (heavily wounded, 75% to hit)
The bolt of acid hits the iguana.
The acid corrodes the iguana!
The iguana is severely wounded.
The iguana bites you!
You die...

... #.#
.... #.#
.....####
#.#
.l..o...#
#.# #.# #.#
#.# #.# #.#
#.# #l#
#####.# #@#
#.....# #.#
#.##### #.#
#.# #.# #.#
#.# #.# #.#
#.# #.# #.#
#.# #.#
#.#######.#


You could see an iguana (corroded).

Vanquished Creatures
  An iguana (D:6)
  2 orc wizards (D:4)
  2 orcs
5 creatures vanquished.

Notes
Turn   | Place    | Note
-------+----------+-------------------------------------------
     0 | D:5      | ragingrage the Minotaur Delver began the quest for the Orb.
     0 | D:5      | Reached XP level 1. HP: 19/19 MP: 0/0
    44 | D:6      | Noticed an iguana
    64 | D:6      | Killed an iguana
    64 | D:6      | Noticed an ice beast
    65 | D:6      | Reached skill level 4 in Axes
    65 | D:6      | Reached XP level 2. HP: 26/26 MP: 1/1
   138 | D:4      | Reached XP level 3. HP: 27/31 MP: 2/2
   159 | D:4      | Reached skill level 5 in Axes
   159 | D:4      | Reached XP level 4. HP: 11/39 MP: 3/3
   160 | D:4      | Slain by an iguana

Illustrated notes

Levels and vault maps discovered:
D:4:      layout_basic, xom_confusion_cloud
D:5:      layout_basic, minmay_temple_entry_crystal_x, uniq_prince_ribbit1,
          uniq_blork_the_orc
D:6:      layout_basic, okawaru_ov_weapons_minmay,
          mainiacjoe_overflow_boulevard, amcnicky_altar_gilded,
          grunt_ministairs_7, minmay_misc_feat_doors, uniq_duvessa,
          uniq_eustachio, uniq_menkaure, uniq_pikel

Skill      XL: |  1  2  3 |
---------------+----------+-----
Axes           | 4 5 |  5.4
Fighting       | |  3.6
Dodging        | |  2.1
Stealth        | |  4.1

Action                   |  1- 3 |  4- 6 || total
-------------------------+-------+-------++-------
Melee: Hand axe          |    28 |       ||    28
       Headbutt          |     3 |       ||     3
Evoke: Wand              |     2 |     1 ||     3
  Use: Potion            |       |     1 ||     1
Armor: Leather armour    |    10 |       ||    10
Dodge: Dodged            |     8 |       ||     8

Table legend: (Time is in decaauts)
 A = Elapsed time spent in this place.
 B = Non-inter-level travel time spent in this place.
 C = Inter-level travel time spent in this place.
 D = Time resting spent in this place.
 E = Time spent auto-exploring this place.
 F = Levels seen in this place.
 G = Mean time per level.
                   A        B        C        D        E       F      G
               +--------+--------+--------+--------+--------+-----+--------+
         Total |    162 |    151 |     11 |      3 |     72 |   3 |   54.0 |
       Dungeon |    162 |    151 |     11 |      3 |     72 |   3 |   54.0 |
               +--------+--------+--------+--------+--------+-----+--------+

Top non-repeatable levels by time:
     D:4: 82 daAuts
     D:5: 49 daAuts
     D:6: 31 daAuts
